 Dungeon Crawl Stone Soup version 0.19.1 (webtiles) character file.

499 Peloso the Slasher (level 6, -5/57 HPs)
             Began as a Deep Dwarf Fighter on Dec 14, 2016.
             Was an Initiate of Elyvilon.
             Slain by cheeroque's ghost (8 damage)
             ... on level 5 of the Dungeon.
             The game lasted 00:16:20 (3239 turns).

Peloso the Slasher (Deep Dwarf Fighter)             Turns: 3239, Time: 00:16:23

Health: -5/57      AC: 16    Str: 27    XL:     6   Next: 94%
Magic:  6/6        EV:  5    Int:  8    God:    Elyvilon [......]
Gold:   223        SH: 10    Dex: 12    Spells: 0 memorised, 5 levels left

rFire  . . .     SeeInvis .     a - +0 long sword
rCold  . . .     Gourm    .     i - +0 plate armour
rNeg   . . .     Faith    .     c - +0 shield
rPois  +         Spirit   .     (no helmet)
rElec  .         Reflect  .     u - +0 cloak
rCorr  .         Harm     +     s - +1 pair of gloves
MR     +....                    x - +0 pair of boots
Stlth  ..........               m - amulet of harm
                                d - ring of protection from magic
                                k - ring of poison resistance

@: mighty, non-regenerating
A: damage resistance, recharge devices, sense surroundings 1, slow regeneration
3
a: Device Recharging, Renounce Religion


You were on level 5 of the Dungeon.
You worshipped Elyvilon.
Elyvilon was noncommittal.
You were not hungry.

You visited 2 branches of the dungeon, and saw 6 of its levels.

You collected 223 gold pieces.

Inventory:

Hand Weapons
 a - a +0 long sword (weapon)
 b - a cursed -3 flail
Armour
 c - a +0 shield (worn)
 i - a +0 plate armour (worn)
 s - a +1 pair of gloves (worn)
 u - a +0 cloak (worn)
 x - a +0 pair of boots (worn)
Jewellery
 d - a ring of protection from magic (right hand)
 k - a ring of poison resistance (left hand)
 m - an amulet of harm (around neck)
Wands
 e - a wand of heal wounds (2/9)
 y - a wand of iceblast (9/15)
Scrolls
 g - 3 scrolls of magic mapping
 j - a scroll of enchant armour {unknown}
 l - 2 scrolls of identify
 o - 2 scrolls of blinking
 p - 2 scrolls of amnesia {unknown}
 q - a scroll of teleportation {unknown}
 r - a scroll of recharging
Potions
 t - a potion of flight
 v - 3 potions of curing
 w - a potion of brilliance
 z - a potion of invisibility {unknown}
 C - a potion of haste
Comestibles
 f - 2 bread rations
 h - a beef jerky
 n - 5 meat rations
 A - 4 chunks of flesh


   Skills:
 + Level 3.9 Fighting
 + Level 5.1 Long Blades
 + Level 4.4 Armour
 + Level 1.0 Dodging
 + Level 0.6 Stealth
 + Level 4.6 Shields
 + Level 1.0 Evocations


You had 5 spell levels left.
You didn't know any spells.

Dungeon Overview and Level Annotations

Branches:
Dungeon (5/15)             Temple (1/1) D:4

Altars:
Cheibriados
Dithmenos
Elyvilon
Fedhas
Gozag
Hepliaklqana
Kikubaaqudgha
Makhleb
Nemelex Xobeh
Okawaru
Qazlal
Ru
Sif Muna
Trog
Uskayaw
Xom
Yredelemnul
Zin
The Shining One

Annotations:
D:5 cheeroque's ghost, novice TrCK


Innate Abilities, Weirdness & Mutations

You are resistant to damage.
You can recharge devices by infusing magical energy.
You passively map a small area around you.
You do not regenerate.


Message History

* * * LOW HITPOINT WARNING * * *
You closely miss cheeroque's ghost.
Cheeroque's ghost is moderately damaged.
Cheeroque's ghost hits you.
* * * LOW HITPOINT WARNING * * *
You slash cheeroque's ghost!
Cheeroque's ghost is heavily damaged.
You are no longer poisoned.
Cheeroque's ghost hits you!
* * * LOW HITPOINT WARNING * * *
You closely miss cheeroque's ghost.
Cheeroque's ghost is heavily damaged.
You block cheeroque's ghost's attack.
You barely miss cheeroque's ghost.
Cheeroque's ghost is heavily damaged.
Cheeroque's ghost closely misses you.
You riposte.
You barely miss cheeroque's ghost.
Cheeroque's ghost is heavily damaged.
Cheeroque's ghost hits you!
You die...

#...........#..#
#.#
#.[.........#..#
#.# *
#.[.........#..#
* ,
#...........##.#
*
#..............##
,,
#...........##..#
,
###+#.#########.#
* , *,#.# #.# #.#
#@# , , * #.#
......W...# * ,
#.#,..........# ,
.# ..).%.....# ,
, , ........!.# ,
..........# ,
........$.# , ,
$$(........* , *
, ,


You could see cheeroque's ghost.

Vanquished Creatures
  The ghost of cheeroque the Skirmisher, an amateur DrWn (D:3)
  An ogre (D:5)
  A howler monkey (D:4)
  A hound (D:4)
  2 iguanas
  5 gnolls
  7 adders
  2 oozes
  3 worms
  2 dart slugs (D:4)
  2 leopard geckos
  3 orcs
  4 giant cockroaches
  8 goblins
  9 hobgoblins
  13 kobolds
  A quokka (D:4)
  A ball python (D:3)
  5 bats
  5 frilled lizards
  6 rats
82 creatures vanquished.

Notes
Turn   | Place    | Note
-------+----------+-------------------------------------------
     0 | D:1      | Peloso the Deep Dwarf Fighter began the quest for the Orb.
     0 | D:1      | Reached XP level 1. HP: 20/20 MP: 1/1
   134 | D:1      | Reached XP level 2. HP: 27/27 MP: 2/2
   230 | D:1      | Reached XP level 3. HP: 24/34 MP: 3/3
   663 | D:2      | Found a burning altar of Makhleb.
   805 | D:2      | Reached XP level 4. HP: 27/42 MP: 4/4
  1359 | D:2      | Reached skill level 3 in Long Blades
  1490 | D:3      | Reached XP level 5. HP: 27/49 MP: 5/5
  1667 | D:3      | Noticed cheeroque's ghost (amateur DrWn)
  1677 | D:3      | Killed cheeroque's ghost
  1677 | D:3      | Reached skill level 4 in Long Blades
  1677 | D:3      | Reached skill level 1 in Dodging
  1746 | D:3      | Reached XP level 6. HP: 24/57 MP: 6/6
  2120 | D:4      | Found a bloodstained altar of Trog.
  2545 | D:4      | Found a staircase to the Ecumenical Temple.
  2678 | Temple   | Entered the Ecumenical Temple
  2772 | Temple   | Became a worshipper of Elyvilon the Healer
  2936 | D:4      | Found a sacrificial altar of Ru.
  2936 | D:4      | Found a shimmering altar of Xom.
  3052 | D:5      | Entered Level 5 of the Dungeon
  3135 | D:5      | Reached skill level 5 in Long Blades
  3135 | D:5      | Reached skill level 1 in Evocations
  3216 | D:5      | Noticed cheeroque's ghost (novice TrCK)
  3239 | D:5      | Slain by cheeroque's ghost

Skill      XL: |  1  2  3  4  5  6 |
---------------+-------------------+-----
Fighting       | 3 |  3.9
Shields        | 4 |  4.6
Long Blades    | 3 4 5 |  5.1
Armour         | 4 |  4.4
Dodging        | 1 |  1.0
Evocations     | 1 |  1.0
Stealth        | |  0.6

Action                   |  1- 3 |  4- 6 || total
-------------------------+-------+-------++-------
Melee: Long sword        |   112 |   212 ||   324
Evoke: Wand              |       |     5 ||     5
  Use: Scroll            |       |     6 ||     6
       Potion            |       |     6 ||     6
  Eat: Chunk             |       |     8 ||     8
Armor: Scale mail        |    60 |    41 ||   101
       Plate armour      |       |    61 ||    61
Dodge: Dodged            |    32 |    34 ||    66
Block: Shield            |    79 |   118 ||   197
       Rpst.: Long sword |    15 |    13 ||    28
